 Dungeon Crawl Stone Soup version 0.14-a0-2061-g6c6fb9c (webtiles) character file.

356 Egon the Skirmisher (level 5, -2/47 HPs)
             Began as a Draconian Berserker on Jan 22, 2014.
             Was a Priest of Trog.
             Slain by Pikel
             ... wielding a +2,+2 whip of flaming
              (9 damage)
             ... on Level 4 of the Dungeon.
             The game lasted 00:08:11 (2305 turns).

Egon the Skirmisher (Draconian Berserker)           Turns: 2305, Time: 00:08:12

HP  -2/47        AC  7     Str 19      XL: 5   Next: 56%
MP   5/5         EV 14     Int  7      God: Trog [***...]
Gold 146         SH  0     Dex 15      Spells:  0 memorised,  4 levels left

rFire  . . .     SeeInvis .     a - +1,+0 hand axe
rCold  . . .     Clarity  .     (armour unavailable)
rNeg   . . .     Conserve .     (no shield)
rPois  .         rCorr    .     (helmet restricted)
rElec  .         rRot     .     e - +0 cloak
SustAb . .       Spirit   .     i - +0 pair of gloves
rMut   .         Warding  .     (no boots)
Saprov . . .     Rnd*Tele +     (no amulet)
MR     .....                    r - cursed ring of teleportation
                                j - +3 ring of dexterity

@: exhausted, slowed, very slow, not resistant to hostile enchantments,
unstealthy
A: unfitting armour, AC +5
a: Burn Spellbooks, Berserk, Trog's Hand, Renounce Religion, Evoke Teleportation


You were on level 4 of the Dungeon.
You worshipped Trog.
Trog was most pleased with you.
You were very hungry.

You visited 1 branch of the dungeon, and saw 4 of its levels.

You collected 146 gold pieces.

Inventory:

Hand weapons
 a - a +1,+0 hand axe (weapon)
Missiles
 l - 15 darts of dispersal (quivered)
Armour
 e - a +0 cloak (worn)
 i - a +0 pair of gloves (worn)
Magical devices
 b - a wand of magic darts (6)
Comestibles
 c - 3 bread rations
 d - a meat ration
 k - a snozzcumber
 m - an apple
Jewellery
 j - a +3 ring of dexterity (left hand)
 r - a cursed ring of teleportation (right hand)
Potions
 f - a potion of heal wounds
 g - a potion of mutation {unknown}
 h - 2 potions of restore abilities {unknown}
 n - a potion of degeneration {unknown}
 o - a potion of lignification {unknown}
 p - 2 potions of cure mutation {unknown}


   Skills:
 + Level 4.8 Fighting
 + Level 4.3 Axes
 + Level 3.9 Dodging
 + Level 0.4 Evocations


You had 4 spell levels left.
You didn't know any spells.

Dungeon Overview and Level Annotations

Branches:
Dungeon (4/16)
 Temple: D:4-7

Altars:
Makhleb
Zin

Annotations:
D:4 Pikel


Message History

The slave is heavily wounded.
Pikel hits you with a whip of flaming!
* * * LOW HITPOINT WARNING * * *
Pikel burns you.
* * * LOW HITPOINT WARNING * * *
The slave barely misses you.
You hit the slave.
The slave is severely wounded.
You slash Pikel!
Pikel is almost dead.
You hit the slave.
The slave is severely wounded.
You are no longer berserk.
You are exhausted.
You feel yourself slow down.
You are feeling very hungry.
The slave hits you.
* * * LOW HITPOINT WARNING * * *
Pikel hits you with a whip of flaming!
You die...

# ####. ...#. ###
#... ..# #..# ..#
#..# ..########
#@K# .........#
#@@# ..######.#
#..# ..# #.# #..#
..######.#######..#
...........)......#
.############....##
.## ###### ..###
#...#


You could see Pikel and 2 slaves.

Vanquished Creatures
  2 slaves (D:4)
  Sigmund (D:2)
  A crimson imp (D:2)
  Ijyb (D:2)
  2 adders
  4 giant geckos
  An ooze (D:2)
  2 orcs
  2 giant cockroaches (D:1)
  4 hobgoblins
  8 jackals (D:2)
  A quokka (D:2)
  A ball python (D:1)
  10 bats
  5 giant newts
  2 goblins (D:3)
  9 kobolds
  9 rats
65 creatures vanquished.

Notes
Turn   | Place    | Note
--------------------------------------------------------------
     0 | D:1      | Egon, the Draconian Berserker, began the quest for the Orb.
     0 | D:1      | Reached XP level 1. HP: 19/19 MP: 1/1
   197 | D:1      | Reached XP level 2. HP: 22/27 MP: 2/2
   389 | D:1      | Acquired Trog's second power
   619 | D:2      | Found a glowing silver altar of Zin.
   632 | D:2      | Noticed Sigmund
   645 | D:2      | Killed Sigmund
   645 | D:2      | Reached skill level 4 in Fighting
   645 | D:2      | Reached XP level 3. HP: 27/34 MP: 3/3
   645 | D:2      | Reached XP level 4. HP: 32/41 MP: 4/4
  1002 | D:2      | Noticed Ijyb
  1014 | D:2      | Killed Ijyb
  1327 | D:2      | Found a burning altar of Makhleb.
  1334 | D:2      | Reached XP level 5. HP: 45/47 MP: 5/5
  2286 | D:4      | Noticed a slave
  2287 | D:4      | Noticed Pikel
  2287 | D:4      | Noticed a slave
  2287 | D:4      | Noticed a slave
  2290 | D:4      | Noticed a slave
  2300 | D:4      | Killed a slave
  2301 | D:4      | Killed a slave
  2305 | D:4      | Slain by Pikel

Action                   |  1- 3 |  4- 6 || total
-------------------------+-------+-------++-------
Melee: Hand axe          |    80 |   150 ||   230
Invok: Berserk           |     3 |     3 ||     6
Evoke: Wand              |       |     1 ||     1
  Use: Scroll            |       |     4 ||     4
 Stab: Sleeping          |       |     1 ||     1
